 Dungeon Crawl Stone Soup version 0.30-a0-779-g7971cf19c3 (webtiles) character file.

Game seed: 12578800989516319797

42 theswoord the Shooter (level 3, -1/32 HPs)
             Began as a Naga Hunter on Feb 17, 2023.
             Slain by an orc
             ... wielding a +0 club
              (5 damage)
             ... on level 3 of the Dungeon.
             The game lasted 00:02:12 (1343 turns).

theswoord the Shooter (Naga Hunter)                 Turns: 1343, Time: 00:02:13

Health: -1/32      AC:  4    Str: 15    XL:     3   Next: 56%
Magic:  3/3        EV:  9    Int:  9    God:
Gold:   98         SH:  0    Dex: 14    Spells: 2/2 levels left

rFire   . . .      SeeInvis +    a - +0 shortbow
rCold   . . .      Faith    .    (shield currently unavailable)
rNeg    . . .      Spirit   .    c - +0 leather armour
rPois   +          Reflect  .    f - +1 helmet
rElec   .          Harm     .    (no cloak)
rCorr   .          Rampage  .    (no gloves)
Will    .....                    (no barding)
Stlth   ++                       (no amulet)
HPRegen 0.25/turn                (no ring)
MPRegen 0.08/turn                (no ring)

@: very slow
A: AC +1, large, see invisible, deformed body, poison resistance, slowness 2,
spit poison 1, naga tail 1
a: Spit Poison


You were on level 3 of the Dungeon.
You visited 1 branch of the dungeon, and saw 3 of its levels.

You collected 98 gold pieces.

Inventory:

Hand Weapons
 a - a +0 shortbow (weapon)
Armour
 c - a +0 leather armour (worn)
 f - a +1 helmet (worn)
Jewellery
 d - a ring of ice
 i - a +6 ring of dexterity
Scrolls
 b - 3 scrolls of immolation
 h - 2 scrolls of identify
 k - a scroll of fear
Potions
 e - a potion of brilliance {unknown}
 g - a potion of invisibility {unknown}
 j - a potion of flight {unknown}


   Skills:
 - Level 2.0 Fighting
 + Level 4.7 Ranged Weapons
 - Level 1.5 Dodging
 - Level 1.5 Stealth


You had 2 spell levels left.
You didn't know any spells.
Your spell library contained the following spells:

 Spells                   Type           Power      Damage    Failure   Level
 Call Imp                 Summ           0%         N/A       58%         2
 Inner Flame              Hex/Fire       0%         N/A       83%         3
 Summon Guardian Golem    Hex/Summ       0%         N/A       83%         3
 Summon Cactus Giant      Summ           0%         N/A       100%        6
 Orb of Destruction       Conj           0%         9d5       100%        7
 Spellforged Servitor     Conj/Summ      0%         N/A       100%        7


Dungeon Overview and Level Annotations

Branches:
Dungeon (3/15)

Altars:


Innate Abilities, Weirdness & Mutations

Your serpentine skin is tough. (AC +1)
You have supernaturally acute eyesight. (SInv)
Armour fits poorly on your strangely shaped body.
Your system is resistant to poisons. (rPois)
You cover ground very slowly.
You can spit poison.
You have a snake-like lower body.


Message History

* * * LOW HITPOINT WARNING * * *
The frilled lizard bites you.
* * * LOW HITPOINT WARNING * * *
The frilled lizard bites you.
* * * LOW HITPOINT WARNING * * *
You shoot an arrow. The arrow hits the frilled lizard!
You kill the frilled lizard!
The adder bites you.
* * * LOW HITPOINT WARNING * * *
The frilled lizard bites you but does no damage.
The frilled lizard attacks as you move away!
The frilled lizard bites you but does no damage.
The adder attacks as you move away! The adder barely misses you.
The adder completely misses you.
Things that are here:
a +0 dagger; 7 poisoned darts; a kobold corpse The adder attacks as you move away!
The adder bites you but does no damage. The adder barely misses you.
You shoot an arrow. The arrow closely misses the adder.
You hear a shout!
The adder closely misses you. The frilled lizard bites you.
* * * LOW HITPOINT WARNING * * *
The adder bites you but does no damage. The adder attacks as you move away!
The adder completely misses you.
An orc comes into view.
It is wielding a +0 club and quivering boomerangs of dispersal.
The orc shouts!
The orc hits you with a +0 club.
* * * LOW HITPOINT WARNING * * *
The adder bites you but does no damage.
The frilled lizard completely misses you.
The orc barely misses you. The orc hits you but does no damage.
The adder bites you.
* * * LOW HITPOINT WARNING * * *
You shoot an arrow. The arrow hits the adder.
The adder bites you.
* * * LOW HITPOINT WARNING * * *
The orc misses you.
The frilled lizard bites you but does no damage.
The adder bites you but does no damage.
You shoot an arrow. The arrow hits the adder.
The orc hits you with a +0 club.
You die...

#### ... #####
###.####...#
...........#
#.....#.(l## .
#.....S@#
#.##..)###o###
#.)....# #...
#..#...###.#####
..................
#.......##.######
###.#####....# #.
####.# . #.#


You could see an adder, an orc and a frilled lizard.

Vanquished Creatures
  An adder (D:2)
  9 endoplasms
  2 giant cockroaches
  A goblin (D:1)
  2 hobgoblins
  2 quokkas (D:1)
  A ball python (D:1)
  4 bats
  3 frilled lizards
  A kobold (D:3)
  5 rats (D:1)
31 creatures vanquished.

Notes
Turn   | Place    | Note
-------+----------+-------------------------------------------
     0 | D:1      | theswoord the Naga Hunter began the quest for the Orb.
     0 | D:1      | Reached XP level 1. HP: 19/19 MP: 1/1
   245 | D:1      | Reached skill level 4 in Ranged Weapons
   245 | D:1      | Reached XP level 2. HP: 26/26 MP: 2/2
   418 | D:1      | Got the Atlas of the Burn and the Union
   784 | D:2      | Reached XP level 3. HP: 10/32 MP: 3/3
  1343 | D:3      | Slain by an orc

Skill      XL: |  1 |
---------------+----+-----
Ranged Weapons | 4 |  4.7
Fighting       | |  2.0
Dodging        | |  1.5
Stealth        | |  1.5

Action                     || total
---------------------------++-------
   Fire: Shortbow          ||    80
    Use: Scroll            ||     4
 Armour: Leather armour    ||    24
  Dodge: Dodged            ||    35

Levels and vault maps discovered:
D:1:      lightli_arrival_isolated_outpost, layout_loops_ring
D:2:      layout_basic
D:3:      layout_loops_ring, hellmonk_ecumenical_altar_arch_garden,
          dreamdust_princess_bridge, grunt_decor_clamped
